 Dungeon Crawl Stone Soup version 0.26-a0-668-gd58323b419 (webtiles) character file.

Game seed: 16831244756955114017

564 grandjackal the Slasher (level 7, -2/55 HPs)
             Began as a Demonspawn Gladiator on Oct 18, 2020.
             Was an Initiate of Okawaru.
             Slain by an iguana (6 damage)
             ... on level 4 of the Dungeon.
             The game lasted 00:05:57 (5199 turns).

grandjackal the Slasher (Demonspawn Gladiator)      Turns: 5199, Time: 00:05:58

Health: -2/55      AC:  3    Str: 17    XL:     7   Next: 10%
Magic:  8/8        EV: 14    Int:  9    God:    Okawaru [......]
Gold:   207        SH:  0    Dex: 14    Spells: 6/6 levels left

rFire    + + +     SeeInvis .   a - +0 long sword
rCold    + . .     Faith    .   (no shield)
rNeg     . . .     Spirit   .   o - +1 robe {rC+ rF+}
rPois    .         Reflect  .   (helmet restricted)
rElec    .         Harm     .   (no cloak)
rCorr    .         Rampage  .   (no gloves)
MR       .....                  (no boots)
Stlth    +.........             (no amulet)
HPRegen  0.18/turn              l - ring of protection from fire
MPRegen  0.11/turn              (no ring)

@: no status effects
A: antennae 1, fire resistance 1
a: Renounce Religion


You were on level 4 of the Dungeon.
You worshipped Okawaru.
Okawaru was noncommittal.
You visited 1 branch of the dungeon, and saw 5 of its levels.
You also visited: Sewer.

You collected 207 gold pieces.

Inventory:

Hand Weapons
 a - a +0 long sword (weapon)
Missiles
 d - 2 throwing nets (quivered)
Armour
 o - a +1 robe of resistance (worn)
Jewellery
 l - a ring of protection from fire (left hand)
 w - an uncursed ring of protection from fire
Wands
 x - a wand of iceblast (7)
Scrolls
 e - 4 scrolls of fog {unknown}
 f - a scroll of enchant weapon {unknown}
 h - 2 scrolls of remove curse {unknown}
 j - a scroll of amnesia {unknown}
 m - 4 scrolls of identify {unknown}
 n - a scroll of noise {unknown}
 s - 3 scrolls of teleportation {unknown}
 t - a scroll of fear {unknown}
Potions
 b - a potion of flight {unknown}
 g - 2 potions of curing
 i - a potion of haste {unknown}
 k - a potion of invisibility {unknown}
 p - a potion of stabbing {unknown}
 q - 3 potions of might {unknown}
 r - a potion of magic {unknown}
 u - a potion of brilliance {unknown}
 v - a potion of heal wounds {unknown}
 z - a potion of ambrosia {unknown}


   Skills:
 + Level 4.6 Fighting
 + Level 4.6 Long Blades
 - Level 1.7 Throwing
 + Level 4.6 Dodging
 + Level 2.3 Invocations


You had 6 spell levels left.
You didn't know any spells.
Your spell library was empty.

Dungeon Overview and Level Annotations

Branches:
Dungeon (5/15)              Sewer (visited)
 Temple: D:4-7

Altars:
Okawaru
Sif Muna
Vehumet

Annotations:
D:4 2 runed translucent doors, Frask's ghost, amateur DsMo


Innate Abilities, Weirdness & Mutations

You have a pair of small antennae on your head.
Your flesh is heat resistant. (rF+)


Message History

You hit the iguana but do no damage. The iguana bites you!
You completely miss the iguana. The iguana closely misses you.
You closely miss the iguana. The iguana bites you.
You hit the iguana but do no damage. The iguana closely misses you.
You slash the iguana!
The iguana is heavily wounded.
The iguana bites you but does no damage.
The iguana bites you!
You hit the iguana.
The iguana is almost dead.
The iguana bites you.
* * * LOW HITPOINT WARNING * * *
You closely miss the iguana.
The iguana is almost dead.
The iguana bites you!
* * * LOW HITPOINT WARNING * * *
You barely miss the iguana.
The iguana is almost dead.
The iguana bites you.
You die...

.......#
.......# ..#
.......# ..###
.......## ....##
...#....##
....##
.#####...##
#....# .#
##...## ....##
.## ##...###
#l...## ..##
##....###@....##
...#
##.....†......#
...##
##...#######..#
#...## ##### .
##...# ##.## ###


You could see an iguana.

Vanquished Creatures
  Sigmund (D:3)
  A scorpion (D:4)
  3 hounds
  Jessica (D:2)
  2 worker ants (D:4)
  2 river rats (Sewer)
  4 adders
  An ooze (D:1)
  3 worms (D:2)
  3 dart slugs
  5 leopard geckos
  7 orcs (D:4)
  10 bats
  8 giant cockroaches
  4 goblins
  7 hobgoblins
  8 jackals
  10 kobolds
  A quokka (D:3)
  4 ball pythons (Sewer)
  15 frilled lizards
  16 rats
116 creatures vanquished.

Notes
Turn   | Place    | Note
-------+----------+-------------------------------------------
     0 | D:1      | grandjackal the Demonspawn Gladiator began the quest for
                  | the Orb.
     0 | D:1      | Reached XP level 1. HP: 16/16 MP: 1/1
   172 | D:1      | Gained mutation: Your flesh is heat resistant. (rF+)
                  | [demonic ancestry]
   172 | D:1      | Reached XP level 2. HP: 17/22 MP: 2/2
   616 | D:1      | Reached XP level 3. HP: 28/28 MP: 3/3
  1647 | D:2      | Reached XP level 4. HP: 30/35 MP: 4/4
  2032 | D:2      | Noticed Jessica
  2041 | D:2      | Killed Jessica
  2343 | D:3      | Noticed Sigmund
  2360 | D:3      | Killed Sigmund
  2360 | D:3      | Reached XP level 5. HP: 13/42 MP: 5/5
  2541 | D:3      | Reached XP level 6. HP: 44/48 MP: 6/6
  2578 | D:3      | Found a glowing drain.
  2603 | Sewer    | Entered a sewer
  3211 | D:3      | Found a shimmering blue altar of Sif Muna.
  3211 | D:3      | Found a radiant altar of Vehumet.
  3337 | D:3      | Found an iron altar of Okawaru.
  3429 | D:3      | Became a worshipper of Warmaster Okawaru
  3702 | D:3      | You fall into a shaft and drop 1 floor!
  3739 | D:4      | Reached skill level 1 in Invocations
  3761 | D:5      | Entered Level 5 of the Dungeon
  4310 | D:4      | Found a runed translucent door.
  4350 | D:4      | Found a runed translucent door.
  4360 | D:4      | Noticed Frask's ghost (amateur DsMo)
  4685 | D:4      | Gained mutation: You have a pair of small antennae on your
                  | head. [demonic ancestry]
  4685 | D:4      | Reached XP level 7. HP: 16/55 MP: 8/8
  5199 | D:4      | Slain by an iguana

Illustrated notes

Levels and vault maps discovered:
D:1:      minmay_arrival_four_houses, layout_loops_ring, minmay_tromino_mix6
D:2:      layout_basic, uniq_jessica
D:3:      layout_loops_cross, gammafunk_temple_overflow_elements,
          portal_sewer_entry_f, grunt_decor_arrowhead, okawaru_trees_1,
          uniq_sigmund
D:4:      layout_layer_cave, ebering_ghost_sewer_f, uniq_ijyb
D:5:      layout_rooms, minmay_temple_entry_trees, serial_shops, shop,
          lemuel_flame_loot_1, uniq_crazy_yiuf_cottage

Skill      XL: |  1  2  3  4  5  6 |
---------------+-------------------+-----
Long Blades    | 3 4 |  4.6
Dodging        | 3 4 |  4.6
Fighting       | 3 4 |  4.6
Invocations    | 2 |  2.3
Throwing       | |  1.7

Action                   |  1- 3 |  4- 6 |  7- 9 || total
-------------------------+-------+-------+-------++-------
Melee: Long sword        |   110 |   231 |    17 ||   358
Throw: Throwing net      |       |     1 |       ||     1
  Use: Potion            |       |     2 |       ||     2
 Stab: Sleeping          |     1 |     2 |       ||     3
       Held in net/web   |       |     1 |       ||     1
Armor: Leather armour    |    34 |     4 |       ||    38
       Robe              |       |    69 |     1 ||    70
Dodge: Dodged            |    88 |   242 |     9 ||   339
       Rpst.: Long sword |    33 |    62 |     2 ||    97

Table legend: (Time is in decaauts)
 A = Elapsed time spent in this place.
 B = Non-inter-level travel time spent in this place.
 C = Inter-level travel time spent in this place.
 D = Time resting spent in this place.
 E = Time spent auto-exploring this place.
 F = Levels seen in this place.
 G = Mean time per level.
                   A        B        C        D        E       F      G
               +--------+--------+--------+--------+--------+-----+--------+
         Total |   5320 |   5238 |     82 |   1842 |   2404 |   6 |  886.7 |
       Dungeon |   4680 |   4598 |     82 |   1607 |   2244 |   5 |  936.0 |
         Sewer |    639 |    639 |      0 |    235 |    159 |   1 |  639.0 |
               +--------+--------+--------+--------+--------+-----+--------+

Top non-repeatable levels by time:
     D:2: 1201 daAuts
     D:1: 1173 daAuts
     D:4: 1071 daAuts
     D:3: 1067 daAuts
   Sewer: 639 daAuts
     D:5: 167 daAuts
